Map: Triton LE

Players

DnS - Winner!

  • Race: Protoss Protoss
  • Spawn Location: 11:00

Harstem

  • Race: Protoss Protoss
  • Spawn Location: 5:00

Event: IEM Katowice 2020

VOD

Have the link to the VOD?

Description

Time

  • Played on: Feb. 25, 2020, 6:44 a.m.
  • Length: 5:06

All games in this series

Show
View Real Time Build Order
Export as new Build Order

DnS Protoss - Winner!

Build Orders:  

Get SALT Encoding   

  12  0:00  Probe  
  13  0:12  Probe  
  14  0:17  Pylon  
  14  0:24  Probe (Chrono Boost)  
  15  0:37  Probe (Chrono Boost), Gateway  
  16  0:44  Probe (Chrono Boost)  
  16  0:47  Assimilator  
  17  0:51  Probe  
  17  0:55  Assimilator  
  18  1:03  Probe (Chrono Boost)  
  19  1:08  Gateway  
  19  1:13  Probe (Chrono Boost)  
  19  1:18  Probe (Chrono Boost)  
  20  1:25  Cybernetics Core  
  21  1:29  Probe  
  22  1:34  Pylon  
  22  1:41  Probe  
  23  1:53  Probe  
  24  1:58  Warp Gate (Chrono Boost)  
  24  2:01  Stalker x2  
  28  2:11  Pylon  
  28  2:30  Stalker  
  28  2:31  Stalker  
  32  2:47  Robotics Facility  
  32  2:49  Gateway  
  32  3:03  Shield Battery  
  32  3:05  Stalker x2  
  36  3:27  Pylon  
  36  3:32  Warp Prism (Chrono Boost)  
  38  3:46  Stalker x2  
  42  3:53  Stalker  
  41  4:16  Sentry, Stalker x2  
  41  4:39  Stalker x3  
  41  5:03  Sentry, Stalker  
  41  5:04  Stalker  
Show
View Real Time Build Order
Export as new Build Order

Harstem Protoss 

Build Orders:  

Get SALT Encoding   

  12  0:00  Probe  
  13  0:13  Probe  
  14  0:17  Pylon  
  14  0:25  Probe (Chrono Boost)  
  15  0:37  Probe (Chrono Boost), Gateway  
  16  0:44  Probe (Chrono Boost)  
  16  0:47  Assimilator  
  17  0:51  Probe  
  17  0:56  Assimilator  
  18  1:03  Probe (Chrono Boost)  
  19  1:08  Gateway  
  19  1:12  Probe (Chrono Boost)  
  19  1:17  Probe (Chrono Boost)  
  20  1:24  Cybernetics Core  
  21  1:29  Probe  
  22  1:34  Pylon  
  22  1:41  Probe  
  23  1:54  Probe  
  24  2:02  Adept  
  24  2:06  Warp Gate (Chrono Boost)  
  24  2:07  Adept  
  28  2:10  Probe, Pylon  
  29  2:32  Sentry  
  31  2:37  Stalker  
  32  2:46  Nexus  
  32  2:47  Probe  
  33  2:57  Robotics Facility  
  33  3:00  Probe  
  33  3:03  Sentry  
  36  3:11  Pylon  
  36  3:12  Probe  
  37  3:20  Stalker  
  39  3:34  Shield Battery  
  39  3:54  Pylon  
  39  3:55  Immortal (Chrono Boost)  
  39  3:59  Stalker  
  43  4:03  Stalker  
  45  4:13  Probe  
  41  4:24  Immortal  
  41  4:25  Sentry  
  41  4:30  Stalker  
  46  4:38  Probe x2  
  48  4:50  Adept  
  42  4:54  Stalker  

Tags
 
Add a new tag
Caveats
  • Supply blocks, unpowered buildings, or Contaminate may cause inaccurate times.
  • Supply counts are checked every 10 seconds.